 Dungeon Crawl Stone Soup version 0.29-a0-521-g59ce8b2d47 (console) character file.

Game seed: 17687730024830676537

250260 FIQ the Ruinous (level 18, -22/231 HPs)
             Began as a Demonspawn Conjurer on May 31, 2022.
             Was an Initiate of Gozag.
             Killed by a resonance strike
             ... invoked by a ragged hierophant
              (33 damage)
             ... in the Desolation of Salt on June 1, 2022.
             The game lasted 03:16:46 (45987 turns).

FIQ the Ruinous (Demonspawn Conjurer)              Turns: 45987, Time: 03:16:47

Health: -22/231    AC: 35    Str: 13    XL:     18   Next: 90%
Magic:  0/36       EV: 13    Int: 38    God:    Gozag
Gold:   7455       SH:  5    Dex: 11    Spells: 26/46 levels left

rFire   + + .      SeeInvis +   x - +5 trident (protect)
rCold   + . .      Faith    .   K - +2 buckler {AC+3}
rNeg    . . .      Spirit   +   O - +7 swamp dragon scales "Ywanoish" {rPois rCorr Str+3}
rPois   +          Reflect  .   r - +2 hat of Repulsion {rPois}
rElec   +          Harm     .   f - +0 cloak {rCorr}
rCorr   +          Rampage  .   d - +2 pair of gloves "Epsob" {Regen+ Int+2}
Will    +....                   N - +3 pair of boots "Tiyhutuu" {rElec rF+ Slay+2}
Stlth   ..........              k - amulet of magic regeneration
HPRegen 1.28/turn               L - ring "Cieche" {Fly Int+6 Stlth+}
MPRegen 0.90/turn               t - ring "Niexkeoj" {Wiz SInv}

@: mighty, berserking, about to teleport, resistant, gold aura, flying, hasted
and slowed
A: horns 2, slimy green scales 2, magic shield, magic regeneration, demonic
magic 3, corrupting presence 1, clever 2, mutation resistance 1, robust 1
}: 2/15 runes: decaying, gossamer
a: Renounce Religion, Potion Petition, Call Merchant, Bribe Branch


You were in the Desolation of Salt.
You worshipped Gozag.
Gozag was greatly pleased with you.
You visited 7 branches of the dungeon, and saw 32 of its levels.
You also visited: Ossuary, Gauntlet, Volcano and Desolation.

You collected 12646 gold pieces.
You spent 462 gold pieces at shops.
You paid 4729 gold pieces to Gozag.

Inventory:

Hand Weapons
 x - a +5 trident of protection (weapon)
Missiles
 z - a throwing net
Armour
 d - the +2 pair of gloves "Epsob" (worn) {Regen+ Int+2}
   (You found it on level 3 of the Swamp)

   Int:       It affects your intelligence (+2).
   Regen:     It increases your rate of health regeneration.
 f - a +0 cloak of preservation (worn)
 r - the +2 hat of Repulsion (worn) {rPois}
   (You found it on level 4 of the Spider Nest)

   rPois:     It protects you from poison.
 K - a +2 buckler of protection (worn)
 N - the +3 pair of boots "Tiyhutuu" (worn) {rElec rF+ Slay+2}
   (You found it in a Gauntlet)

   Slay:      It affects your accuracy & damage with ranged weapons and melee
   (+2).
   rF:        It protects you from fire.
   rElec:     It insulates you from electricity.
 O - the +7 swamp dragon scales "Ywanoish" (worn) {rPois rCorr Str+3}
   (You found it in a Gauntlet)

   Str:       It affects your strength (+3).
   rPois:     It protects you from poison.
   rCorr:     It protects you from acid and corrosion.
 P - the +4 Cigotuvi's embrace {rMiasma Drain rN+}
   (You found it in a Gauntlet)

   It gathers nearby corpses to temporarily increase the armour it provides.
   It protects you from foul pestilence.
   rN:        It protects you from negative energy.
   Drain:     It drains your maximum health when unequipped.
Jewellery
 e - an amulet of regeneration
 k - an amulet of magic regeneration (around neck)
 t - the ring "Niexkeoj" (right hand) {Wiz SInv}
   (You found it on level 4 of the Dungeon)

   [ring of wizardry]

   It improves your spell success rate.
   SInv:      It lets you see invisible.
 A - a ring of positive energy
 D - a ring of resist corrosion
 H - the ring "Geaskou" {rPois Str+6 Int+2 Slay+3}
   (You found it on level 2 of the Swamp)

   [ring of strength]

   Str:       It affects your strength (+6).
   Int:       It affects your intelligence (+2).
   Slay:      It affects your accuracy & damage with ranged weapons and melee
   (+3).
   rPois:     It protects you from poison.
 L - the ring "Cieche" (left hand) {Fly Int+6 Stlth+}
   (You found it on level 11 of the Dungeon)

   [ring of intelligence]

   Int:       It affects your intelligence (+6).
   Fly:       It grants you flight.
   Stlth:     It makes you more stealthy.
 M - a ring of protection from cold
 X - a ring of ice
 Z - the ring "Pejud" {Fly Int+6}
   (You found it on level 2 of the Orcish Mines)

   [ring of intelligence]

   Int:       It affects your intelligence (+6).
   Fly:       It grants you flight.
Wands
 a - a wand of polymorph (16)
 g - a wand of flame (55)
 q - a wand of mindburst (13)
 G - a wand of acid (21)
 I - a wand of charming (22)
 W - a wand of digging (12)
 Y - a wand of iceblast (3)
Scrolls
 c - 2 scrolls of teleportation
 i - 7 scrolls of enchant armour
 j - 2 scrolls of torment
 l - 8 scrolls of enchant weapon
 m - 2 scrolls of silence
 n - 3 scrolls of fear
 p - 12 scrolls of identify
 s - a scroll of blinking
 u - a scroll of brand weapon
 w - 2 scrolls of fog
 y - 3 scrolls of summoning
 C - a scroll of poison
 E - a scroll of magic mapping
 S - 7 scrolls of immolation
 V - 3 scrolls of amnesia
Potions
 b - 4 potions of magic
 h - 14 potions of curing
 o - 5 potions of resistance
 v - 5 potions of brilliance
 B - 10 potions of mutation
 F - 2 potions of haste
 J - 5 potions of cancellation
 Q - 5 potions of ambrosia
 R - 5 potions of heal wounds
 T - 4 potions of attraction
 U - 3 potions of invisibility


   Skills:
 + Level 12.3 Fighting
 + Level 11.3 Armour
 - Level 9.5 Dodging
 - Level 1.7 Stealth
 + Level 14.6 Spellcasting
 * Level 21.9 Conjurations
 + Level 12.2 Hexes


You had 26 spell levels left.
You knew the following spells:

 Your Spells              Type           Power      Damage    Failure   Level
a - Magic Dart            Conj           100%       1d8       0%          1
b - Searing Ray           Conj           100%       2d8       0%          2
c - Dazzling Flash        Conj/Hex       100%       N/A       0%          3
d - Fulminant Prism       Conj/Hex       51%        3d23      1%          4
e - Iskenderun's Battles  Conj           100%       2d15      0%          5
f - Yara's Violent Unrav  Hex/Tmut       32%        3d13      2%          5

Your spell library contained the following spells:

 Spells                   Type           Power      Damage    Failure   Level
 Slow                     Hex            100%       N/A       0%          1
 Necrotize                Necr           100%       1d9       1%          1
 Sting                    Tmut/Pois      100%       1d8       1%          1
 Poisonous Vapours        Pois/Air       54%        N/A       1%          2
 Static Discharge         Conj/Air       84%        N/A       1%          2
 Sublimation of Blood     Necr           27%        N/A       1%          2
 Wereblood                Tmut           27%        N/A       1%          2
 Confusing Touch          Hex            88%        N/A       1%          3
 Conjure Flame            Conj/Fire      84%        6-21      1%          3
 Summon Guardian Golem    Hex/Summ       65%        N/A       1%          3
 Tukima's Dance           Hex            88%        N/A       1%          3
 Iskenderun's Mystic Bla  Conj/Tloc      84%        2d17      1%          4
 Leda's Liquefaction      Hex/Erth       32%        N/A       1%          4
 Sticky Flame             Conj/Fire      84%        2d10      1%          4
 Lightning Bolt           Conj/Air       42%        1d61      1%          5
 Silence                  Hex/Air        32%        N/A       2%          5
 Summon Mana Viper        Hex/Summ       65%        N/A       2%          5
 Iron Shot                Conj/Erth      42%        9d8       2%          6
 Ignite Poison            Fire/Tmut/Pois 27%        N/A       4%          3
 Vampiric Draining        Necr           27%        2d7       4%          3
 Enfeeble                 Hex            44%        N/A       7%          7
 Airstrike                Air            13%        N/A       12%         4
 Olgreb's Toxic Radiance  Pois           27%        N/A       12%         4
 Passage of Golubria      Tloc           27%        N/A       12%         4
 Summon Lightning Spire   Summ/Air       27%        N/A       12%         4
 Spellforged Servitor     Conj/Summ      42%        N/A       12%         7
 Agony                    Necr           27%        N/A       32%         5
 Alistair's Intoxication  Tmut/Pois      18%        N/A       32%         5
 Borgnjor's Vile Clutch   Necr/Erth      13%        N/A       32%         5
 Lee's Rapid Deconstruct  Erth           13%        3d10*     32%         5
 Lehudib's Crystal Spear  Conj/Erth      42%        10d10     63%         8
 Eringya's Noxious Bog    Tmut/Pois      13%        N/A       86%         6
 Statue Form              Tmut/Erth      18%        N/A       86%         6
 Summon Hydra             Summ           13%        N/A       100%        7


Dungeon Overview and Level Annotations

Branches:
Dungeon (14/15)            Temple (1/1) D:6            Lair (6/6) D:9
  Swamp (4/4) Lair:3       Spider (4/4) Lair:4        Slime (0/5) Lair:5
    Orc (2/2) D:12            Elf (0/3) Orc:2        Vaults (1/5) D:14
Ossuary (visited)         Volcano (visited)         Desolation (1/1)
Gauntlet (visited)

Altars:
Ashenzari
Cheibriados
Dithmenos
Elyvilon
Fedhas
Gozag
Hepliaklqana
Kikubaaqudgha
Makhleb
Nemelex Xobeh
Okawaru
Qazlal
Ru
Sif Muna
Trog
Uskayaw
Vehumet
Wu Jian
Xom
Yredelemnul
Zin
The Shining One

Shops:
D:8 :   Orc:1 ?   Orc:2 [![:   Vaults:1 :

Annotations:
D:14 8 runed translucent doors
Lair:5 1 runed translucent door, MordorOrchid's ghost, journeyman DjEE
Lair:6 2 runed translucent doors
Swamp:1 exclusion: downstairs


Innate Abilities, Weirdness & Mutations

You have a pair of horns on your head.
You are mostly covered in slimy green scales. (AC +3)
When hurt, damage is shared between your health and your magic reserves.
You regenerate magic rapidly.
Spells you cast and wands you use may paralyse nearby enemies.
Your presence sometimes corrodes those you injure.
Your mind is very acute. (Int +4)
You are somewhat resistant to further mutation.
You are robust. (+10% HP)


Message History

The crystal guardian hits you but does no damage.
The ragged hierophant gestures at you while chanting.
A blast of power from the earth and the adjacent constructs strikes you!
The ironbound convoker is distracted by your dazzling golden aura.
The guardian serpent is distracted by your dazzling golden aura.
The saltling hits you.
* * * LOW HITPOINT WARNING * * *
The saltling hits you but does no damage. x2
A saltling comes into view.
The saltling barely misses you.
The ironbound convoker shouts!
The guardian serpent shouts!
You barely miss the saltling.
Your corrupting presence corrodes the saltling!
You headbutt the saltling.
The saltling is lightly damaged.
Your corrupting presence corrodes the ragged hierophant!
The ironbound convoker is no longer distracted by gold.
The saltling is no longer distracted by gold. x3
The peacekeeper no longer looks unusually strong.
The saltling is no longer distracted by gold.
The peacekeeper is no longer distracted by gold.
The peacekeeper no longer looks unusually strong.
The saltling no longer looks unusually strong. x2
The guardian serpent is no longer distracted by gold.
The peacekeeper is distracted by your dazzling golden aura.
The crystal guardian is distracted by your dazzling golden aura.
The ragged hierophant gestures at you while chanting.
A blast of power from the earth and the adjacent constructs strikes you!
* * * LOW HITPOINT WARNING * * *
The peacekeeper bites you!!
* * * LOW HITPOINT WARNING * * *
You block the peacekeeper's attack. The saltling closely misses you.
The saltling is distracted by your dazzling golden aura.
The saltling barely misses you. The saltling hits you!
* * * LOW HITPOINT WARNING * * *
The saltling barely misses you.
The ragged hierophant gestures at you while chanting.
A blast of power from the earth and the adjacent constructs strikes you!
You die...
Your body crumbles into a pile of gold.

....................
.........∩....$......
..............#.$....
........a...9$.#....
#.........$9.$.......
.........a$..........
......p999$.9........
......S99aa..9.......
...#99@999.9.......§
......9999.a........§
.......99S..........§
....................
..................
...............9.
................
...............


You could see 4 ragged hierophants, a servant of whispers, a crystal guardian
(strong, sheltered, unaware), an ironbound convoker (sheltered), 4 peacekeepers,
2 guardian serpents and 16 saltlings.

Vanquished Creatures
  3 tentacled monstrosities
  Rupert (Lair:3)
  The ghost of Morbidden the Brawler, an adept TrGl of Cheibriados (Swamp:4)
  2 thorn hunters
  Donald (Swamp:2)
  5 fenstrider witches
  Roxanne (Swamp:2)
  The ghost of Bruhh the Warrior, a journeyman OgSu of Hepliaklqana (Orc:2)
  2 vault wardens (Vaults:1)
  5 emperor scorpions
  2 orc warlords
  A ghost moth (Spider:4)
  3 broodmothers
  An ironbound preserver (Vaults:1)
  A stone giant (Volcano)
  A very ugly thing (Swamp:4)
  Nessos (D:12)
  2 entropy weavers (Spider:4)
  6 eleionomae
  5 bunyips
  2 spark wasps
  2 green deaths
  A shambling mangrove (Swamp:1)
  2 ragged hierophants (Desolation)
  Harold (D:10)
  4 vault guards (D:14)
  9 boulder beetles
  3 catoblepae
  A rakshasa (D:14)
  3 jorogumos
  22 hydras
  3 two-headed ogres
  2 ghost crabs
  3 radroaches
  9 centaur warriors
  Erica (D:9)
  8 alligators
  Urug (Lair:3)
  8 death scarabs (Spider:4)
  2 tengu warriors (D:14)
  7 death yaks
  3 orc high priests (Orc:2)
  6 spriggans
  A thrashing horror (Swamp:4)
  A spriggan berserker (Swamp:4)
  Sonja (D:12)
  A fire crab (Lair:3)
  10 skeletal warriors (D:14)
  A spriggan druid (Swamp:3)
  11 steelbarb worms
  16 pharaoh ants
  4 goliath frogs
  5 deep trolls (Vaults:1)
  2 large abominations (Swamp:4)
  11 orb spiders
  A broodmother zombie (Spider:4)
  10 bog bodies
  4 ironbound convokers (Vaults:1)
  A lindwurm (Lair:6)
  A spectral wolf spider (Spider:4)
  5 swamp dragons
  9 orc knights
  A harpy (shapeshifter) (D:14)
  2 harpies (Vaults:1)
  2 deep elf pyromancers (D:14)
  7 cyclopes
  A wolf spider zombie (Spider:4)
  5 orc sorcerers (Orc:2)
  24 wolf spiders
  10 ugly things
  2 will-o-the-wisps (Swamp:2)
  7 moths of wrath
  2 centaur zombies (D:12)
  3 manticores
  8 elephants
  A black mamba (shapeshifter) (D:14)
  6 black mambas
  2 centaur skeletons (D:12)
  3 molten gargoyles
  2 orange demons (Swamp:4)
  9 cane toads
  4 torpor snails
  7 gargoyles
  10 demonic crawlers
  2 kobold demonologists (D:14)
  A spectral redback (Spider:4)
  15 komodo dragons
  Psyche (D:12)
  8 rime drakes
  A redback zombie (Spider:4)
  2 efreet
  A freezing wraith (D:14)
  2 tengu conjurers
  10 yaktaurs
  A meliai (shapeshifter) (D:10)
  10 trolls
  4 polar bears
  A tarantella zombie (Spider:4)
  2 bloated husks (Swamp:3)
  9 saltlings (Desolation)
  35 tarantellas
  A spectral jumping spider (Spider:4)
  A culicivora zombie (Spider:4)
  9 hornets
  A jumping spider zombie (Spider:4)
  7 tyrant leeches
  10 blink frogs
  20 slime creatures
  3 spectral tarantellas (Spider:4)
  2 spectral culicivoras (Spider:4)
  28 jumping spiders
  5 shadows
  A centaur simulacrum (D:12)
  A wraith (D:14)
  27 culicivoras
  32 yaks
  7 wyverns
  A steam dragon (Lair:6)
  5 neqoxecs (Orc:2)
  42 redbacks
  8 basilisks
  17 swamp worms
  2 wargs
  6 vampire mosquitoes
  17 water moccasins
  4 hell hounds (Lair:6)
  24 orc warriors
  A black bear (shapeshifter) (D:13)
  A black bear (Lair:1)
  8 wolves
  5 ogres
  9 centaurs
  4 phantoms
  3 kobold brigands
  4 scorpions
  15 bullfrogs
  2 earth elementals (Volcano)
  2 gnoll sergeants
  3 water moccasin zombies (Ossuary)
  5 wights (D:8)
  7 killer bees
  4 howler monkeys
  A vampire bat (D:3)
  5 electric eels
  10 lava snakes
  3 quasits (Orc:2)
  A gnoll shaman (D:7)
  17 orc priests
  4 jellies
  Crazy Yiuf (D:7)
  2 hounds
  4 iguanas
  24 orc wizards
  2 mummies (Ossuary)
  4 adders
  20 gnolls
  A shadow imp (D:8)
  A white imp (D:8)
  An ufetubus (D:5)
  4 adder zombies (Ossuary)
  A worm (D:2)
  4 dart slugs
  5 fire bats
  68 orcs
  2 spectral bats (D:3)
  4 ball pythons
  16 bats
  3 bat skeletons (D:3)
  A bat zombie (D:3)
  7 endoplasms
  4 giant cockroaches
  4 gnoll zombies (Ossuary)
  6 goblins
  9 hobgoblins
  16 kobolds
  6 quokkas
  A bat simulacrum (D:3)
  A frilled lizard (D:1)
  5 hobgoblin zombies (Ossuary)
  6 kobold zombies (Ossuary)
  4 orc zombies (Ossuary)
  9 rats
  A briar patch (Swamp:3)
  2 fulminant prisms
1110 creatures vanquished.

Vanquished Creatures (others)
  A redback (Spider:3)
  4 foxfires (Swamp:2)
  361 fulminant prisms
  35 fungi
  54 plants
  2 withered plants (Lair:5)
457 creatures vanquished.

Grand Total: 1567 creatures vanquished

Notes
Turn   | Place    | Note
-------+----------+-------------------------------------------
     0 | D:1      | FIQ the Demonspawn Conjurer began the quest for the Orb.
     0 | D:1      | Reached XP level 1. HP: 13/13 MP: 3/3
   337 | D:1      | Gained mutation: You regenerate magic rapidly. [demonic
                  | ancestry]
   337 | D:1      | Reached XP level 2. HP: 19/19 MP: 0/5
   459 | D:1      | Learned a level 2 spell: Searing Ray
   867 | D:1      | Reached XP level 3. HP: 24/24 MP: 1/6
  1085 | D:2      | Found a faded altar of an unknown god.
  1303 | D:1      | Gained mutation: When hurt, damage is shared between your
                  | health and your magic reserves. [demonic ancestry]
  1303 | D:1      | Reached XP level 4. HP: 29/30 MP: 2/7
  1575 | D:2      | Reached skill level 5 in Conjurations
  1640 | D:2      | Learned a level 3 spell: Dazzling Flash
  1864 | D:3      | Identified the +0 robe of Fomeytee {rC- rN+ Int+6 Stlth+}
  2287 | D:3      | Gained mutation: You have a pair of small horns on your
                  | head. [demonic ancestry]
  2287 | D:3      | Reached XP level 5. HP: 34/35 MP: 5/9
  2532 | D:4      | Identified the +1 scale mail of Uluesk {Str-3 Int+6}
  2633 | D:4      | Identified the ring "Niexkeoj" {Wiz SInv}
  2665 | D:4      | Learned a level 4 spell: Fulminant Prism
  2791 | D:4      | Reached XP level 6. HP: 41/41 MP: 7/10
  3043 | D:5      | Entered Level 5 of the Dungeon
  3058 | D:5      | Reached skill level 6 in Conjurations
  3652 | D:5      | Reached XP level 7. HP: 43/46 MP: 2/12
  3815 | D:5      | Reached skill level 7 in Conjurations
  4401 | D:6      | Gained mutation: Spells you cast may paralyse adjacent
                  | enemies. [demonic ancestry]
  4401 | D:6      | Reached XP level 8. HP: 52/52 MP: 11/14
  4440 | D:6      | Reached skill level 8 in Conjurations
  4752 | D:6      | Found a staircase to the Ecumenical Temple.
  4848 | Temple   | Entered the Ecumenical Temple
  5395 | Temple   | Became a worshipper of Gozag Ym Sagoz the Greedy
  5524 | D:6      | Reached skill level 5 in Spellcasting
  5721 | D:7      | Reached skill level 5 in Dodging
  6275 | D:7      | Reached skill level 9 in Conjurations
  6375 | D:7      | Gained mutation: You are partially covered in slimy green
                  | scales. (AC +2) [demonic ancestry]
  6375 | D:7      | Reached XP level 9. HP: 29/57 MP: 7/17
  6692 | D:7      | Found a runed translucent door.
  6693 | D:7      | Noticed Crazy Yiuf
  7130 | D:7      | Killed Crazy Yiuf
  7170 | D:8      | Found Maiqaus's Book Shoppe.
  7176 | D:8      | Bought a book of Power for 462 gold pieces
  7182 | D:8      | Learned a level 5 spell: Iskenderun's Battlesphere
  7258 | D:8      | Found a sand-covered staircase.
  7308 | Ossuary  | Entered an ossuary
  7480 | Ossuary  | Reached skill level 10 in Conjurations
  8273 | D:8      | Reached skill level 11 in Conjurations
  8585 | D:9      | Noticed Erica
  8595 | D:9      | Reached XP level 10. HP: 63/63 MP: 16/20
  8599 | D:9      | Killed Erica
  9155 | D:9      | Found a staircase to the Lair.
  9217 | D:9      | Found an ornate altar of the Wu Jian Council.
  9495 | D:10     | Entered Level 10 of the Dungeon
  9641 | D:10     | Noticed Harold
  9650 | D:10     | Killed Harold
  9651 | D:10     | Reached skill level 12 in Conjurations
 10180 | D:10     | Noticed a two-headed ogre
 10185 | D:10     | Killed a two-headed ogre
 10522 | D:10     | Reached XP level 11. HP: 56/68 MP: 0/23
 11034 | D:11     | Noticed a two-headed ogre
 11205 | D:11     | Killed a two-headed ogre
 11410 | D:11     | Identified the ring "Cieche" {Fly Int+6 Stlth+}
 11412 | D:11     | Found a gate leading to a gauntlet.
 11424 | Gauntlet | Entered a Gauntlet
 11424 | Gauntlet | Found a transporter.
 11424 | Gauntlet | Found a transporter.
 11438 | Gauntlet | Found a transporter.
 11439 | Gauntlet | Found a transporter.
 11447 | Gauntlet | Found a transporter.
 11450 | Gauntlet | Found a transporter.
 11452 | Gauntlet | Noticed a sixfirhy
 11458 | Gauntlet | Found a transporter.
 11469 | Gauntlet | Noticed a sixfirhy
 11474 | Gauntlet | Noticed a quicksilver ooze
 11478 | Gauntlet | Found a transporter.
 11498 | Gauntlet | Found a transporter.
 11499 | Gauntlet | Found a transporter.
 11510 | Gauntlet | Found a transporter.
 11512 | Gauntlet | Found a transporter.
 11632 | Gauntlet | Reached skill level 13 in Conjurations
 11727 | Gauntlet | Identified the +3 pair of boots "Tiyhutuu" {rElec rF+
                  | Slay+2}
 11939 | Gauntlet | Found the +4 Cigotuvi's embrace {rMiasma Drain rN+}
 11939 | Gauntlet | Identified the +1 arbalest "Guvoure" {elec, Will+}
 11939 | Gauntlet | Identified the +6 swamp dragon scales of Hayssaro {rPois
                  | rC+ rN+}
 11939 | Gauntlet | Identified the ring of Mapiewa {rPois rC+ rCorr Int-4
                  | Dex+8}
 11939 | Gauntlet | Noticed a minotaur
 11969 | Gauntlet | Identified the +7 swamp dragon scales "Ywanoish" {rPois
                  | rCorr Str+3}
 11973 | Gauntlet | Got the Handbook of the Supportive Birds
 12313 | Lair:1   | Entered Level 1 of the Lair of Beasts
 13032 | Lair:1   | Reached skill level 14 in Conjurations
 13518 | Lair:2   | Noticed a death yak
 13520 | Lair:2   | Noticed a death yak
 13521 | Lair:2   | Noticed a death yak
 13522 | Lair:2   | Noticed a death yak
 13729 | Lair:2   | Killed a death yak
 13741 | Lair:2   | Killed a death yak
 13742 | Lair:2   | Gained mutation: Spells you cast may paralyse nearby
                  | enemies. [demonic ancestry]
 13742 | Lair:2   | Reached XP level 12. HP: 63/74 MP: 6/25
 14043 | Lair:2   | Killed a death yak
 14048 | Lair:2   | Killed a death yak
 14927 | Lair:3   | Noticed Urug
 14936 | Lair:3   | Killed Urug
 14937 | Lair:3   | Reached skill level 1 in Fighting
 14937 | Lair:3   | Reached skill level 1 in Armour
 14937 | Lair:3   | Reached skill level 1 in Hexes
 15002 | Lair:3   | Noticed Rupert
 15004 | Lair:3   | Noticed a catoblepas
 15009 | Lair:3   | Paralysed by Rupert for 3 turns
 15033 | Lair:3   | HP: 3/77 [Rupert/+1 battleaxe of flaming (2)]
 15039 | Lair:3   | Killed a catoblepas
 15040 | Lair:3   | Killed Rupert
 15041 | Lair:3   | Reached skill level 15 in Conjurations
 15544 | Lair:3   | Noticed a six-headed hydra
 15550 | Lair:3   | Killed a six-headed hydra
 15551 | Lair:3   | Reached skill level 10 in Spellcasting
 15582 | Lair:3   | Noticed a five-headed hydra
 15583 | Lair:3   | Noticed a seven-headed hydra
 15592 | Lair:3   | Killed a seven-headed hydra
 15597 | Lair:3   | Killed a five-headed hydra
 15773 | Lair:3   | Found a staircase to the Swamp.
 16166 | Lair:4   | Gained mutation: You are mostly covered in slimy green
                  | scales. (AC +3) [demonic ancestry]
 16166 | Lair:4   | Reached XP level 13. HP: 86/87 MP: 12/27
 16722 | Lair:4   | Found a hole to the Spider Nest.
 17664 | Lair:5   | Identified the +8 falchion of Patterns {vorpal, Fly}
 17808 | Lair:5   | Found a runed translucent door.
 17808 | Lair:5   | Noticed MordorOrchid's ghost (journeyman DjEE)
 17820 | Lair:5   | Found a dark tunnel.
 17827 | Volcano  | Entered a volcano
 17895 | Volcano  | Reached skill level 16 in Conjurations
 18242 | Volcano  | Found a bloodstained altar of Trog.
 18353 | Volcano  | Noticed a stone giant
 18362 | Volcano  | Killed a stone giant
 18808 | Lair:5   | Found a staircase to the Slime Pits.
 19246 | Lair:6   | Entered Level 6 of the Lair of Beasts
 19286 | Lair:6   | Reached skill level 5 in Fighting
 19298 | Lair:6   | Identified the +9 scale mail "Seuppaku" {rPois rF- rN++
                  | Str-3}
 19343 | Lair:6   | Reached skill level 5 in Hexes
 19436 | Lair:6   | Reached skill level 5 in Armour
 20794 | Lair:6   | Reached XP level 14. HP: 99/99 MP: 22/29
 20911 | Lair:6   | Found a large runed translucent door.
 20911 | Lair:6   | Found a large runed translucent door.
 22198 | D:12     | Found a staircase to the Orcish Mines.
 22249 | D:12     | Reached skill level 17 in Conjurations
 22374 | D:12     | Found a stormy altar of Qazlal.
 22472 | D:12     | Noticed Sonja
 22476 | D:12     | Killed Sonja
 22505 | D:12     | Noticed Psyche
 22508 | D:12     | Killed Psyche
 22510 | D:12     | Noticed Nessos
 22523 | D:12     | Killed Nessos
 24783 | D:14     | Reached XP level 15. HP: 82/108 MP: 22/30
 25026 | D:14     | Found a large runed translucent door.
 25127 | D:14     | Reached skill level 18 in Conjurations
 25716 | D:14     | Found a large runed translucent door.
 25719 | D:14     | Identified the ring "Hirphesa" {rPois Dex+2}
 25719 | D:14     | Noticed a frost giant
 25719 | D:14     | Noticed a fire giant
 25719 | D:14     | Noticed a frost giant
 25720 | D:14     | Found a large runed translucent door.
 25721 | D:14     | Found a large runed translucent door.
 26048 | D:14     | Found a large runed translucent door.
 26137 | D:14     | Found a gate to the Vaults.
 26248 | D:14     | Found a large runed translucent door.
 26254 | D:14     | Found a large runed translucent door.
 26550 | D:14     | Found a large runed translucent door.
 26688 | D:14     | Noticed a fenstrider witch
 26688 | D:14     | a fenstrider witch changed into an alligator snapping
                  | turtle
 26704 | D:14     | Noticed an emperor scorpion
 26704 | D:14     | an alligator snapping turtle changed into an emperor
                  | scorpion
 26707 | D:14     | Learned a level 5 spell: Yara's Violent Unravelling
 26788 | Orc:1    | Entered Level 1 of the Orcish Mines
 26788 | Orc:1    | Found Erpheg's Magic Scroll Shoppe.
 27093 | Orc:2    | Entered Level 2 of the Orcish Mines
 27110 | Orc:2    | Found a burning altar of Makhleb.
 27171 | Orc:2    | Found a staircase to the Elven Halls.
 27292 | Orc:2    | Found a transporter.
 27316 | Orc:2    | Noticed Bruhh's ghost (journeyman OgSu)
 27702 | Orc:2    | Noticed an orc warlord
 27709 | Orc:2    | Killed an orc warlord
 27862 | Orc:2    | Found Poaph's Book Shoppe.
 28264 | Orc:2    | Found Iriontuf's Distillery.
 28275 | Orc:2    | Found Goisan's Armour Boutique.
 28290 | Orc:2    | Found Ocromu's Armour Shoppe.
 28456 | Orc:2    | Found a transporter.
 28620 | Orc:2    | Gained mutation: You expend magic power (3 MP) to
                  | strengthen your wands. [a neqoxec]
 28621 | Orc:2    | Gained mutation: Your magical capacity is low. (-10% MP) [a
                  | neqoxec]
 28621 | Orc:2    | Gained mutation: Your body sometimes deteriorates upon
                  | taking damage. [a neqoxec]
 28675 | Orc:2    | Killed Bruhh's ghost
 28722 | Orc:2    | Got the ring "Pejud" {Fly Int+6}
 28751 | Orc:2    | Lost mutation: Your magical capacity is low. (-10% MP)
                  | [potion of mutation]
 28751 | Orc:2    | Lost mutation: You expend magic power (3 MP) to strengthen
                  | your wands. [potion of mutation]
 28751 | Orc:2    | Lost mutation: Your body sometimes deteriorates upon taking
                  | damage. [potion of mutation]
 28751 | Orc:2    | Gained mutation: Your mind is acute. (Int +2) [potion of
                  | mutation]
 28751 | Orc:2    | Gained mutation: Your mind is very acute. (Int +4) [potion
                  | of mutation]
 28751 | Orc:2    | Gained mutation: You are somewhat resistant to further
                  | mutation. [potion of mutation]
 28751 | Orc:2    | Gained mutation: You are robust. (+10% HP) [potion of
                  | mutation]
 29168 | Spider:1 | Entered Level 1 of the Spider Nest
 29957 | Spider:1 | Gained mutation: You have a pair of horns on your head.
                  | [demonic ancestry]
 29957 | Spider:1 | Reached XP level 16. HP: 109/130 MP: 22/32
 29982 | Spider:1 | Reached skill level 19 in Conjurations
 33912 | Spider:3 | Identified the +8 scimitar "Jath" {holy, *Noise rC+++ rN+++
                  | Int-3}
 34551 | Spider:3 | Reached skill level 10 in Hexes
 34951 | Spider:4 | Entered Level 4 of the Spider Nest
 35060 | Spider:3 | Reached skill level 10 in Fighting
 35916 | Spider:4 | Reached skill level 20 in Conjurations
 35933 | Spider:4 | Gained mutation: Spells you cast and wands you use may
                  | paralyse nearby enemies. [demonic ancestry]
 35933 | Spider:4 | Reached XP level 17. HP: 140/140 MP: 7/34
 38461 | Spider:4 | Reached skill level 10 in Armour
 38678 | Spider:4 | Got a gossamer rune of Zot
 38679 | Spider:4 | Identified the +2 hat of Repulsion {rPois}
 38984 | Swamp:1  | Entered Level 1 of the Swamp
 38992 | Swamp:1  | Upgraded the game from 0.29-a0-520-gc852659d43 to
                  | 0.29-a0-521-g59ce8b2d47
 40601 | Swamp:2  | Noticed Roxanne
 41658 | Swamp:2  | Noticed Donald
 41693 | Swamp:2  | Killed Donald
 42339 | Swamp:2  | Killed Roxanne
 42413 | Swamp:2  | Reached skill level 21 in Conjurations
 42525 | Swamp:2  | Identified the ring "Geaskou" {rPois Str+6 Int+2 Slay+3}
 42935 | Swamp:3  | Gained mutation: Your presence sometimes corrodes those you
                  | injure. [demonic ancestry]
 42935 | Swamp:3  | Reached XP level 18. HP: 138/148 MP: 27/36
 42982 | Swamp:3  | Noticed a tentacled monstrosity
 42990 | Swamp:3  | Killed a tentacled monstrosity
 43504 | Swamp:4  | Entered Level 4 of the Swamp
 43657 | Swamp:4  | Paralysed by a fenstrider witch for 2 turns
 43955 | Swamp:4  | Noticed Morbidden's ghost (adept TrGl)
 43992 | Swamp:3  | Identified the +2 pair of gloves "Epsob" {Regen+ Int+2}
 44202 | Swamp:4  | Noticed a tentacled monstrosity
 44562 | Swamp:4  | Found a runed translucent gate.
 44562 | Swamp:4  | Found a runed translucent gate.
 44569 | Swamp:4  | Found a runed translucent gate.
 44863 | Swamp:4  | Noticed a tentacled monstrosity
 44876 | Swamp:4  | Killed a tentacled monstrosity
 44961 | Swamp:4  | Got a decaying rune of Zot
 45240 | Swamp:4  | Killed a tentacled monstrosity
 45255 | Swamp:4  | Killed Morbidden's ghost
 45316 | Swamp:4  | Identified the +0 pair of boots "Hasuzow" {rN++ Str-2
                  | Dex+6}
 45318 | Swamp:4  | Identified the +11 hand crossbow of Hafiz {elec, rElec rF-
                  | rN++}
 45658 | Vaults:1 | Entered Level 1 of the Vaults
 45821 | Vaults:1 | Found Zaonyrr's Book Boutique.
 45923 | Vaults:1 | Found a crumbling gateway.
 45931 | Desolati | Entered the Desolation of Salt
 45985 | Desolati | HP: 2/154 [saltling (7)]
 45987 | Desolati | Killed from afar by a ragged hierophant

Illustrated notes

Levels and vault maps discovered:
D:1:      dpeg_arrival_pits, layout_basic, minmay_pentomino_x4
D:2:      layout_rooms, ebering_ecumenical_altar_sacrificial, minivault_4
D:3:      layout_basic, serial_park_tiny_2, goddamned_bats
D:4:      layout_cave_pools
D:5:      layout_loops_ring
D:6:      layout_gridville, temple_hall
D:7:      layout_basic, serial_bayou, serial_bayou_pond_b, serial_bayou_pond_e,
          serial_bayou_shore_b, serial_bayou_pond_d, serial_bayou_pond_e,
          serial_bayou_pond_c, uniq_crazy_yiuf_cottage
D:8:      nicolae_cairo_tiling_large_dashed, layout_basic,
          nicolae_ossuary_entry_ruins, serial_shops, nicolae_diamond_shop,
          minmay_joined_circles
D:9:      layout_loops_ring, pdpol_wu_jian_five_deadly_venoms, lair_entry_dummy,
          uniq_erica
D:10:     layout_layer_cave, uniq_harold
D:11:     layout_grid_maze, gauntlet_entry_generic
D:12:     minmay_klotski, layout_small_grid, david_orc_3,
          hangedman_weighted_door, nicolae_qazlal_scattered_showers, uniq_sonja,
          uniq_nessos, uniq_psyche
D:13:     layout_roguey
D:14:     minmay_five_octagons, layout_basic, lightli_vaults_fourway_checkpoint,
          nrook_mini_vaults
Temple:   mainiacjoe_temple_starburst
Lair:1:   layout_small_grid
Lair:2:   layout_small_grid, grunt_megastairs_1, serial_bayou_shore_a
Lair:3:   nzn_winding_woodlands_medium [nzn_winding_woodlands_5x5_closed_star,
          nzn_winding_woodlands_5x15_twine, nzn_winding_woodlands_hourglass,
          nzn_winding_woodlands_5x5_perimeter,
          nzn_winding_woodlands_center_triple_pond,
          nzn_winding_woodlands_5x5_open_star,
          nzn_winding_woodlands_5x5_checkerboard,
          nzn_winding_woodlands_5x15_default, nzn_winding_woodlands_5x5_three],
          layout_regular_city, swamp_mist, serial_bayou_pond_d, minivault_25,
          serial_bayou_shore_b, uniq_rupert, uniq_urug
Lair:4:   layout_layer_cave, dummy_spider_entry
Lair:5:   layout_regular_city, dpeg_slime_entry_corner, gammafunk_ghost_grave,
          enter_volcano_2
Lair:6:   cheibrodos_lair_end_hotspot, layout_regular_city,
          infiniplex_staircase_pool
Swamp:1:  nicolae_swamp_long_stream, layout_falls_marsh,
          evilmike_swamp_ruin_house_6, swamp_pool4
Swamp:2:  layout_falls_marsh, hangedman_swamp_ruin_wall, swamp_pool3,
          infiniplex_staircase_pool_2, uniq_roxanne, uniq_donald
Swamp:3:  layout_basic_swamp, evilmike_swamp_ruin_house_5
Swamp:4:  swamp_vile, layout_basic_swamp, gammafunk_ghost_split
Spider:1: layout_spider_delve, nicolae_spider_jagged_tunnels
Spider:2: layout_spider_delve
Spider:3: layout_spider_delve
Spider:4: floodkiller_spider_rune_tomb, einodemon_crawler_minivault
Orc:1:    layout_caves, serial_shops, shop
Orc:2:    st_orc_elflike, layout_diamond_mine, gammafunk_ghost_stat_death,
          bloody_makhleb
Vaults:1: portal_desolation_entry_garden, ontoclasm_vaults_spin,
          nicolae_vaults_twisting_passages, v_misc_28, v_rooms_4, v_misc_19,
          layout_vaults_chaotic_city, serial_shops, nicolae_shop_trees
Desolation

Skill      XL: |  1  2  3  4  5  6  7  8  9 10 11 12 13 14 15 16 17 18 |
---------------+-------------------------------------------------------+-----
Dodging        | 2 3 4 5 6 8 9 |  9.5
Conjurations   | 5 6 7 9 11 12 14 15 16 17 18 20 21 | 21.9
Spellcasting   | 3 4 5 6 8 9 10 11 12 13 14 | 14.6
Fighting       | 3 5 7 8 10 11 12 | 12.3
Armour         | 3 5 7 8 9 10 11 | 11.3
Hexes          | 3 5 7 9 10 11 12 | 12.2
Stealth        | |  1.7

Action                   |  1- 3 |  4- 6 |  7- 9 | 10-12 | 13-15 | 16-18 || total
-------------------------+-------+-------+-------+-------+-------+-------++-------
Melee: Dagger            |     1 |       |       |       |       |       ||     1
       Trident           |       |       |     5 |     3 |    57 |   150 ||   215
       Headbutt          |       |       |     1 |     1 |    17 |    57 ||    76
 Cast: Magic Dart        |    25 |       |    16 |    54 |   167 |   217 ||   479
       Searing Ray       |    19 |    57 |    78 |   111 |   273 |   284 ||   822
       Fulminant Prism   |       |       |     9 |    16 |   157 |   181 ||   363
       Iskenderun's Batt |       |       |    14 |    55 |   142 |   140 ||   351
       Yara's Violent Un |       |       |       |       |     1 |     3 ||     4
       Dazzling Flash    |       |       |       |       |       |     1 ||     1
Invok: Potion Petition   |       |       |       |     2 |       |     8 ||    10
Evoke: Wand              |       |       |     2 |     1 |       |       ||     3
  Use: Scroll            |     2 |     1 |    15 |     9 |     8 |    10 ||    45
       Potion            |       |       |     4 |     4 |     2 |     4 ||    14
 Stab: Paralysed         |       |       |     1 |       |    14 |    33 ||    48
Armor: Robe              |     3 |    15 |       |       |       |       ||    18
       Leather armour    |       |       |    26 |     9 |       |       ||    35
       Skin              |       |       |     4 |       |       |       ||     4
       Swamp dragon scal |       |       |       |    61 |   233 |   826 ||  1120
Dodge: Dodged            |    12 |    39 |    60 |    70 |   253 |   658 ||  1092
Block: Buckler           |       |       |       |     8 |    44 |   170 ||   222

Table legend: (Time is in decaauts)
 A = Elapsed time spent in this place.
 B = Non-inter-level travel time spent in this place.
 C = Inter-level travel time spent in this place.
 D = Time resting spent in this place.
 E = Time spent auto-exploring this place.
 F = Levels seen in this place.
 G = Mean time per level.
                   A        B        C        D        E       F      G
               +--------+--------+--------+--------+--------+-----+--------+
         Total |  46154 |  42088 |   4066 |     54 |  33943 |  36 | 1282.1 |
       Dungeon |  17352 |  15456 |   1896 |     54 |  12548 |  14 | 1239.4 |
        Temple |    601 |    505 |     96 |      0 |    489 |   1 |  601.0 |
          Lair |   9008 |   8031 |    977 |      0 |   6782 |   6 | 1501.3 |
         Swamp |   5579 |   5333 |    246 |      0 |   4217 |   4 | 1394.8 |
   Spider Nest |   9603 |   8882 |    721 |      0 |   7362 |   4 | 2400.8 |
  Orcish Mines |   2206 |   2149 |     57 |      0 |   1469 |   2 | 1103.0 |
        Vaults |    235 |    165 |     70 |      0 |      8 |   1 |  235.0 |
       Ossuary |    244 |    244 |      0 |      0 |    186 |   1 |  244.0 |
       Volcano |    734 |    734 |      0 |      0 |    526 |   1 |  734.0 |
    Desolation |     61 |     61 |      0 |      0 |     25 |   1 |   61.0 |
      Gauntlet |    527 |    527 |      0 |      0 |    330 |   1 |  527.0 |
               +--------+--------+--------+--------+--------+-----+--------+

Top non-repeatable levels by time:
Spider:1: 3040 daAuts
    D:14: 2853 daAuts
Spider:3: 2493 daAuts
Spider:4: 2348 daAuts
  Lair:6: 2190 daAuts
    D:10: 1772 daAuts
   Orc:2: 1730 daAuts
 Swamp:1: 1723 daAuts
Spider:2: 1721 daAuts
  Lair:2: 1643 daAuts
    D:11: 1620 daAuts
     D:7: 1495 daAuts
  Lair:3: 1479 daAuts
  Lair:4: 1427 daAuts
 Swamp:4: 1388 daAuts
